 Dungeon Crawl Stone Soup version 0.31-a0-1074-g0b22e4e0f1 (webtiles) character file.

Game seed: 17389677124994639946

403 ytrimaz the Sneak (level 6, -14/38 HPs)
             Began as an Octopode Shapeshifter on Dec 5, 2023.
             Demolished by an ogre
             ... wielding a +0 giant club
              (34 damage)
             ... on level 4 of the Dungeon.
             The game lasted 00:04:13 (3597 turns).

ytrimaz the Sneak (Octopode Shapeshifter)           Turns: 3597, Time: 00:04:14

Health: -14/38     AC:  1    Str: 12 (14) XL:     6   Next: 86%
Magic:  6/6        EV: 13    Int: 11 (12) God:
Gold:   171        SH:  0    Dex: 19      Spells: 5/5 levels left

rFire   . .          .
                       - Unarmed
rCold   . . .        (no shield)
rNeg    . . .        (helmet currently unavailable)
rPois   .            (no amulet)
rElec   .            j - +6 ring of dexterity
rCorr   .            (no ring)
SInv    .            (no ring)
Will    .....        (no ring)
Stlth   +++++        (no ring)
HPRegen 0.26/turn    (no ring)
MPRegen 0.10/turn    (no ring)
                     (no ring)

%: no passive effects
@: beast-form
A: beast (slay +1), almost no armour, amphibious, 8 rings, camouflage 1,
gelatinous body 1, (nimble swimmer 1), tentacles
a: Begin Untransformation


You were on level 4 of the Dungeon.
You were a hulking beast.
You visited 1 branch of the dungeon, and saw 4 of its levels.

You collected 171 gold pieces.


Innate Abilities, Weirdness & Mutations

You are a hulking beast.
Your limbs bulge with bestial killing power. (Slay +1)
You cannot wear most types of armour.
You are amphibious.
You can wear up to eight rings at the same time.
Your skin changes colour to match your surroundings (Stealth+).
Your rubbery body absorbs attacks. (AC +1, EV +1)
((You are camouflaged when in or above water. (Stealth+)))
You have tentacles for arms and can constrict up to eight enemies at once.


   Skills:
 - Level 1.0 Fighting
 - Level 2.0 Dodging
 + Level 6.7 Stealth
 + Level 5.6 Unarmed Combat
 - Level 3.0 Shapeshifting


You had 5 spell levels left.
You didn't know any spells.
Your spell library contained the following spells:

 Spells                   Type           Power      Damage    Failure   Level
 Gell's Gravitas          Tloc           0%         N/A       71%         3
 Teleport Other           Tloc           0%         N/A       71%         3
 Dispersal                Tloc           0%         N/A       100%        6

Inventory:

Jewellery
 j - a +6 ring of dexterity (left tentacle)
   (You found it on level 1 of the Dungeon)
Talismans
 b - a beast talisman
 c - a flux talisman
Scrolls
 d - 3 scrolls of noise
 e - a scroll of enchant armour
 g - a scroll of poison
 h - 2 scrolls of enchant weapon
 n - a scroll of torment

Dungeon Overview and Level Annotations

Branches:
Dungeon (4/15) Zot: 20409
 Temple: D:4-7

Altars:

Shops:
D:1

( #.....#
#####.....######
#...............
######.........#####.
............#+#####
..................#
..................#
........O.........#
.......#h.........#
########.##.......#
##............##
#...#...####...
#########..#......##.#
#[))..##.............#
#)###.#..#.........###
#)# #...##...........#
#.###................#


You could see an ogre.


Message History

Unknown command.
You closely miss the phantom. You squeeze the phantom.
You destroy the phantom!
You feel your intelligence returning.
Unknown command.
An orc comes into view.
It is wielding a +2 heavy falchion. 😮 HP[+2]
You regained 2 hp, and now have 20/38 hp.
Unknown command.
An orc is nearby!
An orc is nearby!
Unknown command.
An orc is nearby! 😮 HP[+1]
Items here: ( )) ††.
Items here: ( ))) [ ††.
Unknown command.
You start resting. 😎 HP[+17]
Your hp is fully restored (38).
You now have 171 gold pieces (gained 10).
Things that are here:
a +0 robe; a hobgoblin corpse You start waiting.
Done waiting.
Things that are here:
a +0 hand axe; an orc skeleton
Things that are here:
a +0 club; a hound skeleton; a goblin skeleton
There is a stone staircase leading up here.
a - a potion of curing Unknown command.
An endoplasm is nearby!
An endoplasm is nearby!
An endoplasm is nearby!
No target in view!
The endoplasm quivers.
The endoplasm freezes you.
You are frozen. 😕 HP[-4]
You take 4 damage, and now have 34/38 hp.
You tentacle-slap the endoplasm.
You kill the endoplasm!
No target in view!
Key pressed, stopping explore.
An orc comes into view. It is wielding a +0 club. 😎 HP[+4]
Your hp is fully restored (38).
An orc is nearby!
An orc is nearby!
An orc is nearby!
An orc is nearby!
A ball python comes into view.
The ball python hisses angrily.
The orc shouts!
An ogre comes into view. It is wielding a +0 giant club.
There is an open door here.
The ogre shouts!
You tentacle-slap the orc. You grab the orc. You constrict the orc.
The ball python bites you. The ball python grabs you.
The ball python constricts you.
The orc hits you with a +0 club. 😕 HP[-7]
You take 7 damage, and now have 31/38 hp.
Unknown command.
Unknown command.
You escape the ball python's grasp.
You release your grip on the orc.
You bludgeon the orc!
You kill the orc!
The ball python misses you. The ball python grabs you.
The ball python constricts you.
You tentacle-slap the ball python.
You kill the ball python! 😕 HP[+1] Unknown command. 😕 HP[+1] 😕 HP[+1] Unknown command.
You tentacle-slap the ogre. The ogre barely misses you.
Unknown command.
You barely miss the ogre.
Unknown command.
You bludgeon the ogre! You squeeze the ogre, but do no damage.
The ogre hits you with a +0 giant club!!
Ouch! That really hurt!
* * * LOW HITPOINT WARNING * * *
😱 HP[-25]
You take 25 damage, and now have 9/38 hp.
MASSIVE DAMAGE!! (PAUSE)
Okay, then.
Okay, then.
Okay, then.
Unknown command.
You feel better. 😮 HP[+11]
You regained 11 hp, and now have 20/38 hp.
You bludgeon the ogre!
The ogre hits you with a +0 giant club!!
Ouch! That really hurt!
You die...

Skill      XL: |  1  2  3  4  5  6 |
---------------+-------------------+-----
Stealth        | 1 2 3 4 5 6 |  6.7
Unarmed Combat | 4 5 |  5.6
Fighting       | |  1.0
Dodging        | |  2.0
Shapeshifting  | |  3.0

Action                     |  1- 3 |  4- 6 || total
---------------------------+-------+-------++-------
  Melee: Unarmed           |    59 |   113 ||   172
         Tentacles         |     8 |    19 ||    27
         Constrict         |    14 |    25 ||    39
         Punch             |     4 |     7 ||    11
    Use: Scroll            |       |     9 ||     9
         Potion            |       |     7 ||     7
   Stab: Sleeping          |    17 |    18 ||    35
         Distracted        |       |     1 ||     1
 Armour: Skin              |    16 |    86 ||   102
  Dodge: Dodged            |    28 |    48 ||    76

Levels and vault maps discovered:
D:1:      dpeg_arrival_another_circle, layout_loops_ring, serial_shops, shop,
          serial_bayou_crossing
D:2:      layout_basic, uniq_natasha
D:3:      minmay_angry_zag, layout_loops_corners
D:4:      layout_basic, lemuel_zombie_altar_yredelemnul

Notes
Turn   | Place    | Note
-------+----------+-------------------------------------------
     0 | D:1      | ytrimaz the Octopode Shapeshifter began the quest for the
                  | Orb.
     0 | D:1      | Reached XP level 1. HP: 13/13 MP: 1/1
     0 | D:1      | magus.rc [v1.9.6]
    96 | D:1      | Reached skill level 1 in Stealth
   115 | D:1      | You add the spells Gell's Gravitas, Teleport Other and
                  | Dispersal to your library.
   182 | D:1      | Reached XP level 2. HP: 15/18 MP: 2/2
   225 | D:1      | Reached skill level 2 in Stealth
   251 | D:1      | Found Uraps's Antique Weapon Boutique.
   489 | D:1      | Reached XP level 3. HP: 23/23 MP: 3/3
   805 | D:1      | Reached skill level 3 in Stealth
  1288 | D:2      | Noticed Natasha
  1294 | D:2      | Killed Natasha
  1295 | D:2      | Reached skill level 4 in Unarmed Combat
  1295 | D:2      | Reached XP level 4. HP: 19/28 MP: 4/4
  1438 | D:2      | Noticed Natasha
  1448 | D:2      | Killed Natasha
  1449 | D:2      | Reached skill level 4 in Stealth
  1665 | D:2      | Reached XP level 5. HP: 29/33 MP: 5/5
  2175 | D:3      | HP: 12/49 [orc/+0 trident (1)]
  2296 | D:3      | Reached skill level 5 in Stealth
  2484 | D:3      | Reached skill level 5 in Unarmed Combat
  2484 | D:3      | Reached XP level 6. HP: 14/38 MP: 6/6
  2485 | D:3      | HP: 8/38 [poisoned by a scorpion]
  2490 | D:3      | HP: 7/57 [poisoned by a scorpion]
  3249 | D:4      | Reached skill level 6 in Stealth
  3262 | D:4      | HP: 7/38 [hobgoblin (5)]
  3595 | D:4      | HP: 9/38 [ogre/+0 giant club (25)]
  3597 | D:4      | Demolished by an ogre

Vanquished Creatures
  A phantom (D:4)
  A scorpion (D:3)
  A hound (D:4)
  Natasha (twice) (D:2)
  2 orc wizards
  A gnoll (D:1)
  4 adders
  2 dart slugs
  10 orcs
  5 bats
  11 endoplasms
  A giant cockroach (D:3)
  8 goblins
  3 hobgoblins
  4 jackals (D:1)
  3 quokkas
  8 ball pythons
  5 frilled lizards
  11 kobolds
  9 rats
92 creatures vanquished.

Table legend:
 A = Non-vault XP
 B = Vault XP
 C = Vault XP percentage of total XP
 D = Non-vault monster count
 E = Vault monster count
 F = Vault count percentage of total count
                 A         B        C        D         E       F
            +---------+---------+-------+---------+---------+-------
      Total |     519 |      57 |   9.9 |      84 |       8 |   8.7
            +---------+---------+-------+---------+---------+-------
        D:1 |      61 |       0 |   0.0 |      31 |       0 |   0.0
        D:2 |      77 |      35 |  31.2 |      20 |       1 |   4.8
        D:3 |     176 |      22 |  11.1 |      19 |       7 |  26.9
        D:4 |     205 |       0 |   0.0 |      14 |       0 |   0.0
            +---------+---------+-------+---------+---------+-------

Skill      XL: |  1  2  3  4  5  6 |
---------------+-------------------+-----
Stealth        | 1 2 3 4 5 6 |  6.7
Unarmed Combat | 4 5 |  5.6
Fighting       | |  1.0
Dodging        | |  2.0
Shapeshifting  | |  3.0

Action                     |  1- 3 |  4- 6 || total
---------------------------+-------+-------++-------
  Melee: Unarmed           |    59 |   113 ||   172
         Tentacles         |     8 |    19 ||    27
         Constrict         |    14 |    25 ||    39
         Punch             |     4 |     7 ||    11
    Use: Scroll            |       |     9 ||     9
         Potion            |       |     7 ||     7
   Stab: Sleeping          |    17 |    18 ||    35
         Distracted        |       |     1 ||     1
 Armour: Skin              |    16 |    86 ||   102
  Dodge: Dodged            |    28 |    48 ||    76

Illustrated notes

Table legend:
 A = Kills in this place as a percentage of kills in the entire game.
 B = Kills by you in this place as a percentage of kills by you in the entire game.
 C = Kills by friends in this place as a percentage of kills by friends in the entire game.
 D = Other kills in this place as a percentage of other kills in the entire game.
 E = Experience gained in this place as a percentage of experience gained in the entire game.
 F = Experience gained in this place divided by the number of levels of this place that you have seen.
                   A       B       C       D       E      F
               +-------+-------+-------+-------+-------+----------------------
         Total | 100.0 | 100.0 |   N/A |   N/A | 100.0 | 144.0
       Dungeon | 100.0 | 100.0 |   N/A |   N/A | 100.0 | 144.0
               +-------+-------+-------+-------+-------+----------------------

Table legend: (Time is in decaauts)
 A = Elapsed time spent in this place.
 B = Non-inter-level travel time spent in this place.
 C = Inter-level travel time spent in this place.
 D = Time resting spent in this place.
 E = Time spent auto-exploring this place.
 F = Levels seen in this place.
 G = Mean time per level.
                   A        B        C        D        E       F      G
               +--------+--------+--------+--------+--------+-----+--------+
         Total |   3589 |   3457 |    132 |    428 |   2357 |   4 |  897.2 |
       Dungeon |   3589 |   3457 |    132 |    428 |   2357 |   4 |  897.2 |
               +--------+--------+--------+--------+--------+-----+--------+

Top non-repeatable levels by time:
     D:3: 1248 daAuts
     D:1: 1021 daAuts
     D:2: 919 daAuts
     D:4: 400 daAuts
